 Dungeon Crawl Stone Soup version 0.23.2-1-ga50397a6bc (webtiles) character file.

Game seed: 12779348620570069222

3059 retnugl the Basher (level 9, -3/91 (92) HPs)
             Began as a Troll Monk on May 29, 2019.
             Was a Priest of Wu Jian.
             Slain by a yak (7 damage)
             ... on level 9 of the Dungeon.
             The game lasted 00:30:07 (7792 turns).

retnugl the Basher (Troll Monk)                     Turns: 7792, Time: 00:30:08

HP:   -3/91 (92)    AC:  7    Str: 27    XL:     9   Next: 57%
MP:   8/8           EV: 11    Int:  6    God:    Wu Jian [***...]
Gold: 487           SH:  0    Dex: 15    Spells: 8/8 levels left

rFire    + . .     SeeInvis .   a - +1 mace
rCold    . . .     Gourm    +   (no shield)
rNeg     . . .     Faith    .   b - +0 robe
rPois    .         Spirit   .   (helmet restricted)
rElec    .         Reflect  .   C - +0 cloak
rCorr    .         Harm     .   (gloves unavailable)
MR       .....                  (boots unavailable)
Stlth    ++........             (no amulet)
HPRegen  0.65/turn              q - +6 ring of strength
MPRegen  0.11/turn              o - ring of protection from fire

@: very slow
A: large, unfitting armour, claws 3, fast metabolism 3, gourmand, regeneration
1, shaggy fur 1, tough skin 3
a: Wall Jump, Serpent's Lash, Renounce Religion


You were on level 9 of the Dungeon.
You worshipped Wu Jian.
Wu Jian was most pleased with you.
You were full.

You visited 2 branches of the dungeon, and saw 10 of its levels.

You collected 487 gold pieces.

Inventory:

Hand Weapons
 a - a +1 mace (weapon)
 u - a +0 flail
 M - a +0 giant spiked club
 P - a +2 hand axe of chopping
 Q - a +0 fustibalus
Missiles
 d - 182 stones
 g - 2 throwing nets
 h - 116 sling bullets
 p - 161 arrows
 s - 75 bolts
 y - 14 poisoned needles
 E - 14 tomahawks
 L - 6 javelins (quivered)
 N - 3 large rocks
Armour
 b - a +0 robe (worn)
 C - a +0 cloak (worn)
Jewellery
 o - a ring of protection from fire (right claw)
 q - a +6 ring of strength (left claw)
 w - the ring "Biogohoko" {Wiz -Tele *Corrode rElec rF+ Dex+6}
   (You found it on level 4 of the Dungeon)

   [ring of wizardry]

   It improves your spell success rate.
   It affects your dexterity (+6).
   It protects you from fire.
   It insulates you from electricity.
   It prevents most forms of teleportation.
   It may corrode you when you take damage.
 F - an uncursed ring of ice
 H - an uncursed ring of flight
 I - an uncursed ring of stealth
Wands
 z - a wand of iceblast (10)
Scrolls
 e - 6 scrolls of remove curse
 j - a scroll of enchant weapon
 n - 2 scrolls of fog
 t - a scroll of teleportation {unknown}
 A - a scroll of fear {unknown}
 B - a scroll of blinking
 D - 4 scrolls of noise
 J - a scroll of amnesia
 O - a scroll of random uselessness {unknown}
Potions
 f - 3 potions of curing
 i - a potion of lignification
 k - a potion of heal wounds
 l - 2 potions of mutation
 m - 2 potions of might
 r - 2 potions of haste
 v - a potion of resistance
 x - a potion of degeneration
 G - a potion of berserk rage {unknown}
 K - 2 potions of agility
 R - a potion of invisibility
 S - 2 potions of brilliance {unknown}
 T - a potion of flight {unknown}
Comestibles
 c - 21 rations
 U - 2 chunks of flesh


   Skills:
 + Level 6.9 Fighting
 * Level 10.4 Maces & Flails
 - Level 2.4 Dodging
 - Level 1.0 Stealth


You had 8 spell levels left.
You didn't know any spells.
Your spell library contained the following spells:

 Spells                   Type           Power        Failure   Level  Hunger
 Confusing Touch          Hex            #.....       45%         1    ##.....
 Flame Tongue             Conj/Fire      #....        45%         1    ##.....
 Throw Flame              Conj/Fire      #.....       58%         2    ###....
 Confuse                  Hex            #.......     83%         3    ####...
 Conjure Flame            Conj/Fire      #.......     83%         3    ####...
 Gell's Gravitas          Tloc           #.........   83%         3    ####...
 Inner Flame              Hex/Fire       #.......     83%         3    ####...
 Petrify                  Tmut/Erth      #.......     99%         4    #####..
 Sticky Flame             Conj/Fire      #.......     99%         4    #####..
 Fireball                 Conj/Fire      #.........   100%        5    ######.
 Metabolic Englaciation   Hex/Ice        #.........   100%        5    ######.
 Yara's Violent Unravell  Hex/Tmut       #.........   100%        5    ######.


Dungeon Overview and Level Annotations

Branches:
Dungeon (9/15)             Temple (1/1) D:5            Lair (0/6) D:8
    Orc: D:9-12

Altars:
Ashenzari
Cheibriados
Dithmenos
Elyvilon
Fedhas
Gozag
Hepliaklqana
Kikubaaqudgha
Makhleb
Okawaru
Qazlal
Ru
Sif Muna
Trog
Uskayaw
Vehumet
Wu Jian
Xom
Yredelemnul
Zin
The Shining One

Annotations:
D:6 2 runed translucent doors, OdinFK's ghost, amateur FeBe


Innate Abilities, Weirdness & Mutations

You are too large for most types of armour.
You have claws for hands.
Your metabolism is lightning-fast.
You like to eat raw meat.
Your natural rate of healing is unusually fast.
You are covered in fur. (AC +1)
You have extremely tough skin. (AC +3)


Message History

The yak is almost dead.
You hit the yak.
The yak is almost dead.
You repeatedly attack the yak from above.
You closely miss the yak.
The yak is heavily wounded.
You hit the yak but do no damage.
The yak is heavily wounded.
The yak gores you!
* * * LOW HITPOINT WARNING * * *
The yak barely misses you. The yak gores you but does no damage.
The yak gores you!
* * * LOW HITPOINT WARNING * * *
You enter the shallow water.
Moving in this stuff is going to be slow.
You feel less exhausted. The yak gores you!
* * * LOW HITPOINT WARNING * * *
The yak gores you!
You die...

####.#####
#..÷.....#
#..#<#.#)#
#..#.....#######
#..##..........#
#.......⌠....≈.##
##....#...≈≈≈≈≈.#
####.##.≈≈Y≈≈..#
#.##..@Y≈≈..#
..#...≈≈....#
#.#...≈...).#
#.#._≈....⌠.##
#....##....#####
#..########......>.#
#..................#
#.#####.#.......##.#
#.### #.#.##..#.# #


You could see 2 yaks.

Vanquished Creatures
  A cyclops (D:8)
  A spriggan (D:8)
  2 yaks (D:9)
  2 ice beasts
  A black bear (D:6)
  An orc warrior (D:8)
  A sky beast (D:7)
  A necrophage (D:6)
  An ogre (D:8)
  2 centaurs
  A crocodile (D:8)
  4 bullfrogs
  2 big kobolds
  A scorpion (D:8)
  2 howler monkeys
  2 crimson imps
  A quasit (D:6)
  A bullfrog skeleton (D:4)
  2 hounds
  2 orc wizards (D:8)
  An orc priest (D:6)
  4 jellies
  A centaur skeleton (D:8)
  5 worker ants
  A statue (D:5)
  A hound zombie (D:6)
  A hound skeleton (D:4)
  2 worker ant zombies
  3 gnolls (D:5)
  5 adders
  A shadow imp (D:5)
  An ooze (D:1)
  An adder zombie (D:7)
  An adder skeleton (D:9)
  2 worms
  5 dart slugs
  3 leopard geckos
  23 orcs
  7 giant cockroaches
  6 goblins
  3 hobgoblins
  12 jackals
  15 kobolds
  5 quokkas
  2 ball pythons
  7 bats
  5 frilled lizards
  A quokka skeleton (D:6)
  A quokka zombie (D:8)
  5 rats
161 creatures vanquished.

Notes
Turn   | Place    | Note
-------+----------+-------------------------------------------
     0 | D:1      | retnugl the Troll Monk began the quest for the Orb.
     0 | D:1      | Reached XP level 1. HP: 22/22 MP: 0/0
    36 | D:1      | Reached skill level 3 in Maces & Flails
   102 | D:1      | Reached XP level 2. HP: 29/29 MP: 1/1
   823 | D:2      | Reached XP level 3. HP: 36/36 MP: 2/2
   902 | D:2      | Found an ornate altar of the Wu Jian Council.
   910 | D:2      | Became a worshipper of the Wu Jian Council
   910 | D:2      | Reached * piety under Wu Jian
   910 | D:2      | Reached ** piety under Wu Jian
   985 | D:2      | Found a faded altar of an unknown god.
  1155 | D:2      | Found a snail-covered altar of Cheibriados.
  1253 | D:2      | Found a glowing golden altar of the Shining One.
  1568 | D:3      | Found a shimmering altar of Xom.
  1641 | D:3      | Reached skill level 4 in Maces & Flails
  1647 | D:3      | Reached XP level 4. HP: 33/45 MP: 3/3
  2185 | D:3      | Found a white marble altar of Elyvilon.
  2368 | D:4      | Found a blossoming altar of Fedhas.
  2368 | D:4      | Noticed a centaur
  2382 | D:4      | Killed a centaur
  2382 | D:4      | Reached XP level 5. HP: 12/53 MP: 4/4
  2610 | D:4      | Reached skill level 5 in Maces & Flails
  2679 | D:4      | Got a warped granite ring
  2681 | D:4      | Identified the ring "Biogohoko" {Wiz -Tele *Corrode rElec
                  | rF+ Dex+6} (You found it on level 4 of the Dungeon)
  2737 | D:4      | Found a shattered altar of Ashenzari.
  2807 | D:4      | Reached XP level 6. HP: 44/62 MP: 5/5
  3090 | D:4      | Found a hazy altar of Hepliaklqana.
  3372 | D:5      | Entered Level 5 of the Dungeon
  3598 | D:5      | Reached *** piety under Wu Jian
  3725 | D:5      | Found a sacrificial altar of Ru.
  3911 | D:5      | Found a radiant altar of Vehumet.
  3930 | D:5      | Reached skill level 6 in Maces & Flails
  4082 | D:5      | Found a staircase to the Ecumenical Temple.
  4092 | Temple   | Entered the Ecumenical Temple
  4320 | D:6      | Reached XP level 7. HP: 55/71 MP: 6/6
  4403 | D:6      | Found a runed translucent door.
  4428 | D:6      | Noticed OdinFK's ghost (amateur FeBe)
  4804 | D:6      | Found a runed translucent door.
  4887 | D:6      | Reached skill level 7 in Maces & Flails
  5014 | D:6      | Reached skill level 5 in Fighting
  5014 | D:6      | Reached XP level 8. HP: 38/79 MP: 7/7
  5493 | D:7      | Reached **** piety under Wu Jian
  5493 | D:7      | Reached skill level 8 in Maces & Flails
  6216 | D:8      | Noticed a cyclops
  6461 | D:8      | Found a staircase to the Lair.
  6489 | D:8      | Found a glowing golden altar of the Shining One.
  6870 | D:8      | Reached skill level 9 in Maces & Flails
  6935 | D:8      | Reached XP level 9. HP: 78/88 MP: 8/8
  7426 | D:8      | Killed a cyclops
  7492 | D:8      | Found an iron altar of Okawaru.
  7534 | D:8      | Reached skill level 10 in Maces & Flails
  7709 | D:9      | Found an ancient bone altar of Kikubaaqudgha.
  7792 | D:9      | HP: 4/91 [yak (10)]
  7792 | D:9      | Slain by a yak

Skill      XL: |  1  2  3  4  5  6  7  8  9 |
---------------+----------------------------+-----
Maces & Flails | 3 4 5 6 7 9 10 | 10.4
Fighting       | 3 4 5 6 |  6.9
Dodging        | |  2.4
Stealth        | |  1.0

Action                   |  1- 3 |  4- 6 |  7- 9 || total
-------------------------+-------+-------+-------++-------
Melee: Mace              |   137 |   200 |   372 ||   709
Throw: Stone             |     1 |     8 |       ||     9
       Tomahawk          |       |     8 |    14 ||    22
       Javelin           |       |       |     9 ||     9
       Throwing net      |       |       |     3 ||     3
       Large rock        |       |       |     2 ||     2
Invok: Whirlwind         |    18 |    24 |   103 ||   145
       Lunge             |     5 |     7 |     6 ||    18
       Serpent's Lash    |       |       |     7 ||     7
 Abil: Wall Jump         |     4 |    13 |    34 ||    51
Evoke: Wand              |       |       |     3 ||     3
  Use: Scroll            |     1 |     5 |    10 ||    16
       Potion            |       |     1 |     1 ||     2
 Stab: Sleeping          |     5 |     2 |     3 ||    10
  Eat: Chunk             |    13 |    32 |    27 ||    72
       Ration            |       |       |     1 ||     1
Armor: Robe              |    77 |    54 |   124 ||   255
Dodge: Dodged            |    85 |    95 |   164 ||   344
